 Dungeon Crawl Stone Soup version 0.30-a0-949-g53dc5368d7 (webtiles) character file.

Game seed: 16347810117706498450

3085 bmack86 the Cleaver (level 9, -1/118 HPs)
             Began as a Minotaur Fighter on Mar 28, 2023.
             Slain by Erica
             ... wielding a +0 scimitar of flaming
              (2 damage)
             ... on level 9 of the Dungeon.
             The game lasted 00:15:57 (6477 turns).

bmack86 the Cleaver (Minotaur Fighter)              Turns: 6477, Time: 00:15:58

Health: -1/118     AC: 15    Str: 24    XL:     9   Next: 58%
Magic:  8/8        EV:  6    Int:  5    God:
Gold:   415        SH:  5    Dex: 11    Spells: 8/8 levels left

rFire   . . .      SeeInvis .    a - +1 war axe
rCold   . . .      Faith    .    c - +0 buckler
rNeg    . . .      Spirit   .    t - +1 plate armour
rPois   .          Reflect  .    (helmet restricted)
rElec   .          Rampage  .    (no cloak)
rCorr   +                        A - +0 pair of gloves
Will    .....                    (no boots) Stlth
                                 (no amulet)
HPRegen 0.39/turn                r - ring of resist corrosion
MPRegen 0.11/turn                (no ring)

@: berserking, slowed
A: horns 2, retaliatory headbutt
a: no special abilities


You were on level 9 of the Dungeon.
You visited 2 branches of the dungeon, and saw 10 of its levels.

You collected 415 gold pieces.

Inventory:

Hand Weapons
 a - a +1 war axe (weapon)
Missiles
 e - 71 poisoned darts (quivered)
 f - 2 throwing nets
 y - 10 javelins
 D - 4 curare-tipped darts
Armour
 b - a +0 scale mail
 c - a +0 buckler (worn)
 t - a +1 plate armour (worn)
 A - a +0 pair of gloves (worn)
Jewellery
 n - a ring of positive energy
 r - a ring of resist corrosion (left hand)
Wands
 u - a wand of charming (4)
 v - a wand of mindburst (22)
 w - a wand of flame (27)
 x - a wand of polymorph (11)
 B - a wand of iceblast (8)
 C - a wand of light (10)
Scrolls
 g - 4 scrolls of teleportation
 l - 2 scrolls of fear
 m - a scroll of enchant weapon
 p - 2 scrolls of amnesia
 s - a scroll of immolation
 z - a scroll of identify
 E - a scroll of blinking
Potions
 h - 5 potions of curing
 i - 5 potions of flight
 k - 3 potions of attraction
 o - 4 potions of mutation
 q - 2 potions of ambrosia


   Skills:
 + Level 7.5 Fighting
 * Level 9.8 Axes
 + Level 5.2 Throwing
 + Level 7.4 Armour
 + Level 7.5 Shields


You had 8 spell levels left.
You didn't know any spells.
Your spell library contained the following spells:

 Spells                   Type           Power      Damage    Failure   Level
 Kiss of Death            Conj/Necr      0%         2d5       100%        1
 Sandblast                Erth           0%         2d4       100%        1
 Passwall                 Tmut/Erth      0%         N/A       100%        2
 Sublimation of Blood     Necr           0%         N/A       100%        2
 Confusing Touch          Hex            0%         N/A       100%        3
 Dazzling Flash           Conj/Hex       0%         N/A       100%        3
 Ozocubu's Armour         Ice            0%         N/A       100%        3
 Stone Arrow              Conj/Erth      0%         3d7       100%        3
 Animate Armour           Summ/Erth      0%         N/A       100%        4
 Dispel Undead            Necr           0%         3d6       100%        4
 Petrify                  Tmut/Erth      0%         N/A       100%        4
 Agony                    Necr           0%         N/A       100%        5
 Irradiate                Conj/Tmut      0%         3d11      100%        5
 Silence                  Hex/Air        0%         N/A       100%        5
 Ozocubu's Refrigeration  Ice            0%         4d7       100%        7
 Lehudib's Crystal Spear  Conj/Erth      0%         10d2      100%        8


Dungeon Overview and Level Annotations

Branches:
Dungeon (9/15)             Temple (1/1) D:5
   Lair: D:8-11         Orc: D:9-12

Altars:
Ashenzari
Cheibriados
Dithmenos
Elyvilon
Fedhas
Gozag
Hepliaklqana
Kikubaaqudgha
Makhleb
Nemelex Xobeh
Qazlal
Ru
Sif Muna
Uskayaw
Vehumet
Wu Jian
Xom
Yredelemnul
Zin
The Shining One

Shops:
D:5 =:=   D:6 !

Annotations:
D:9 Erica


Innate Abilities, Weirdness & Mutations

You have a pair of horns on your head.
You reflexively headbutt those who attack you in melee.


Message History

You block Erica's attack.
You closely miss Erica.
Erica is lightly wounded.
Erica casts a spell at you.
You are confused.
You bump into the rock wall.
Erica hits you but does no damage.
You slash Erica!
Erica is heavily wounded.
Erica hits you but does no damage.
You bump into the rock wall.
Erica laughs wildly.
Erica hits you with a +0 scimitar of flaming.
Erica burns you.
Erica hits you with a +0 scimitar of flaming!
Erica burns you.
You see here 2 potions of degeneration.
You bump into the rock wall.
Erica hits you with a +0 scimitar of flaming.
Erica burns you.
You bump into the rock wall.
You feel less confused.
Erica hits you with a +0 scimitar of flaming!
* * * LOW HITPOINT WARNING * * *
Erica burns you.
* * * LOW HITPOINT WARNING * * *
Erica gestures at you while chanting.
You feel yourself slow down.
You hit Erica but do no damage.
Erica is heavily wounded.
Erica hits you with a +0 scimitar of flaming!
* * * LOW HITPOINT WARNING * * *
Erica burns you.
* * * LOW HITPOINT WARNING * * *
You block Erica's attack.
A red film seems to cover your vision as you go berserk!
You feel yourself moving faster!
You feel mighty!
Erica hits you with a +0 scimitar of flaming!
* * * LOW HITPOINT WARNING * * *
Erica burns you.
You die...

....# ...#
##.... . ##. ...
..#...#.#####
......#.....#
........:...#
......#!....#
.(.(.(@@...##
....#.#....#
..........##
....##...# ##
..... ##)<# ..#
.... #.)##...###
.#.. #.))......#
...............#
..)............#


You could see Erica (poisoned).

Vanquished Creatures
  A kobold demonologist (D:8)
  Sigmund (D:3)
  Menkaure (D:4)
  An ice beast (D:7)
  2 black bears
  2 phantoms
  14 kobold brigands
  A gnoll sergeant (D:9)
  Blork the orc (D:4)
  3 bullfrogs
  2 scorpions
  2 howler monkeys (D:7)
  A crimson imp (D:8)
  An orc priest (D:9)
  4 hounds
  A sleepcap (D:7)
  Ijyb (D:3)
  2 iguanas
  3 orc wizards
  6 adders
  9 gnolls
  A shadow imp (D:7)
  3 ufetubi
  A worm (D:2)
  6 dart slugs
  9 orcs
  10 ball pythons
  7 bats
  6 endoplasms
  2 giant cockroaches
  8 goblins
  9 hobgoblins
  4 frilled lizards
  15 kobolds
  3 rats
143 creatures vanquished.

Notes
Turn   | Place    | Note
-------+----------+-------------------------------------------
     0 | D:1      | bmack86 the Minotaur Fighter began the quest for the Orb.
     0 | D:1      | Reached XP level 1. HP: 19/19 MP: 0/0
    95 | D:1      | Found a faded altar of an unknown god.
   102 | D:1      | Reached XP level 2. HP: 24/27 MP: 1/1
   153 | D:1      | Reached skill level 3 in Axes
   557 | D:2      | Reached XP level 3. HP: 30/33 MP: 2/2
  1306 | D:3      | Found a stormy altar of Qazlal.
  1452 | D:3      | Reached skill level 1 in Throwing
  1568 | D:3      | Reached XP level 4. HP: 33/40 MP: 3/3
  1597 | D:3      | Noticed Ijyb
  1612 | D:3      | Killed Ijyb
  1613 | D:3      | Reached skill level 4 in Axes
  1865 | D:3      | Noticed Sigmund
  1900 | D:3      | Killed Sigmund
  1901 | D:3      | Reached XP level 5. HP: 21/47 MP: 4/4
  1901 | D:3      | Reached XP level 6. HP: 24/53 MP: 5/5
  2078 | D:4      | Noticed Blork the orc
  2084 | D:4      | Killed Blork the orc
  2085 | D:4      | Reached skill level 5 in Axes
  2262 | D:4      | Noticed Menkaure
  2273 | D:4      | Killed Menkaure
  2274 | D:4      | Reached skill level 5 in Fighting
  2274 | D:4      | Reached skill level 5 in Armour
  2274 | D:4      | Reached skill level 5 in Shields
  2386 | D:4      | Reached XP level 7. HP: 61/61 MP: 6/6
  2962 | D:5      | Entered Level 5 of the Dungeon
  2978 | D:5      | Found Qiockad's Jewellery Shop.
  3057 | D:5      | Reached skill level 6 in Axes
  3082 | D:5      | Found Suvig's Jewellery Shop.
  3095 | D:5      | Found Qeilexitz's Book Shop.
  3215 | D:5      | Found a staircase to the Ecumenical Temple.
  3230 | Temple   | Entered the Ecumenical Temple
  3976 | D:6      | Found Payg's Distillery.
  4091 | D:6      | Reached skill level 7 in Axes
  4091 | D:6      | Reached XP level 8. HP: 70/70 MP: 7/7
  5519 | D:7      | Reached skill level 8 in Axes
  5878 | D:8      | Noticed a kobold demonologist
  5893 | D:8      | Killed a kobold demonologist
  5894 | D:8      | Reached XP level 9. HP: 57/78 MP: 8/8
  5902 | D:8      | Reached skill level 9 in Axes
  5921 | D:8      | Reached skill level 5 in Throwing
  6314 | D:8      | Found a shimmering altar of Xom.
  6314 | D:8      | Found a burning altar of Makhleb.
  6458 | D:9      | Noticed Erica
  6477 | D:9      | HP: 1/118 [Erica/+0 scimitar of flaming (11)]
  6477 | D:9      | Slain by Erica

Illustrated notes

Levels and vault maps discovered:
D:1:      minmay_arrival_glassed_features, layout_rooms,
          chequers_ecumenical_altar_island, minmay_pentomino_r2
D:2:      layout_basic
D:3:      kennysheep_the_goblin_king, layout_basic, grunt_qazlal_clouds,
          uniq_sigmund
D:4:      layout_gridville, uniq_menkaure, uniq_blork_the_orc
D:5:      layout_loops_ring, minmay_temple_entry_mini_moons, serial_shops,
          kennysheep_mini, shop, nicolae_shop_hallway_plus
D:6:      layout_basic, serial_shops, shop, chequers_jeans
D:7:      layout_basic, dreamdust_wishing_well
D:8:      layout_cave_pools, grunt_temple_overflow_champion_of_chaos,
          special_room [special_room_kobold], grunt_decor_mini_mirrors
D:9:      layout_cave_pools, grunt_temple_overflow_bloody_war, lair_entry_dummy,
          serial_shops, nicolae_shop_waterfront, uniq_erica
Temple:   minmay_crystal_spiral_temple

Skill      XL: |  1  2  3  4  5  6  7  8  9 |
---------------+----------------------------+-----
Axes           | 3 4 5 7 8 9 |  9.8
Shields        | 4 5 6 7 |  7.5
Fighting       | 4 5 6 7 |  7.5
Armour         | 4 5 6 7 |  7.4
Throwing       | 1 2 3 4 5 |  5.2

Action                     |  1- 3 |  4- 6 |  7- 9 || total
---------------------------+-------+-------+-------++-------
  Melee: War axe           |    66 |    67 |   213 ||   346
         Headbutt          |    10 |    14 |    39 ||    63
  Throw: Dart              |       |     7 |     4 ||    11
    Use: Scroll            |     7 |     8 |     5 ||    20
         Potion            |       |     2 |     1 ||     3
 Armour: Scale mail        |    29 |       |       ||    29
         Plate armour      |    13 |    46 |   182 ||   241
  Dodge: Dodged            |    49 |    19 |    76 ||   144
  Block: Buckler           |    22 |    15 |    68 ||   105

Table legend: (Time is in decaauts)
 A = Elapsed time spent in this place.
 B = Non-inter-level travel time spent in this place.
 C = Inter-level travel time spent in this place.
 D = Time resting spent in this place.
 E = Time spent auto-exploring this place.
 F = Levels seen in this place.
 G = Mean time per level.
                   A        B        C        D        E       F      G
               +--------+--------+--------+--------+--------+-----+--------+
         Total |   6551 |   6243 |    308 |     28 |   4609 |  10 |  655.1 |
       Dungeon |   6313 |   6088 |    225 |     28 |   4470 |   9 |  701.4 |
        Temple |    238 |    155 |     83 |      0 |    139 |   1 |  238.0 |
               +--------+--------+--------+--------+--------+-----+--------+

Top non-repeatable levels by time:
     D:3: 1103 daAuts
     D:4: 892 daAuts
     D:7: 848 daAuts
     D:8: 808 daAuts
     D:6: 806 daAuts
     D:5: 784 daAuts
     D:2: 515 daAuts
     D:1: 498 daAuts
  Temple: 238 daAuts
     D:9: 56 daAuts
